 Dungeon Crawl Stone Soup version 0.18.1-6-gd335043 (webtiles) character file.

81 Hipnos the Covered (level 4, -13/29 HPs)
             Began as a Gargoyle Fighter on May 15, 2016.
             Was an Initiate of Qazlal.
             Killed by divine providence
             ... invoked by an orc priest
              (16 damage)
             ... on level 3 of the Dungeon.
             The game lasted 00:04:15 (1166 turns).

Hipnos the Covered (Gargoyle Fighter)               Turns: 1166, Time: 00:04:16

Health: -13/29     AC: 10    Str: 24    XL:     4   Next: 42%
Magic:  4/4        EV:  7    Int: 15    God:    Qazlal [......]
Gold:   98         SH:  9    Dex:  9    Spells: 0 memorised, 3 levels left

rFire  . . .     SeeInvis .     a - +0 flail
rCold  . . .     Gourm    .     b - +0 scale mail
rNeg   + . .     Faith    .     c - +0 shield
rPois  ∞         Spirit   .     (no helmet)
rElec  +         Dismiss  .     (no cloak)
rCorr  .         Reflect  .     (no gloves)
SustAt .         Harm     .     (no boots)
MR     .....                    (no amulet)
Stlth  ..........               (no ring)
                                (no ring)

@: mighty, brilliant, not resistant to hostile enchantments, extremely
unstealthy
A: negative energy resistance 1, electricity resistance, unbreathing,
petrification resistance, rot immunity, AC +3
a: Renounce Religion


You were on level 3 of the Dungeon.
You worshipped Qazlal.
Qazlal was noncommittal.
You were not hungry.

You visited 1 branch of the dungeon, and saw 3 of its levels.

You collected 98 gold pieces.

Inventory:

Hand Weapons
 a - a +0 flail (weapon)
Armour
 b - a +0 scale mail (worn)
 c - a +0 shield (worn)
Scrolls
 e - a scroll of fog
 l - a scroll of teleportation {unknown}
 m - a scroll of identify {unknown}
 n - a scroll of enchant armour {unknown}
Potions
 d - a potion of might
 q - a potion of agility {unknown}
Comestibles
 f - 3 bread rations
 p - a chunk of flesh


   Skills:
 + Level 3.9 Fighting
 + Level 2.0 Maces & Flails
 + Level 4.2 Armour
 + Level 4.2 Shields


You had 3 spell levels left.
You didn't know any spells.

Dungeon Overview and Level Annotations

Branches:
Dungeon (3/15)

Altars:
Qazlal

Annotations:
D:2 Natasha


Innate Abilities, Weirdness & Mutations

You are resistant to torment.
Your stone body is resilient (AC +3).
You are immune to poison.
You resist negative energy.
You are resistant to electric shocks.
You can survive without breathing.
You are immune to petrification.
You are immune to rotting.


Message History

You hear a loud clanging noise!
It was a scroll of noise.
You hear a shout! x6
You block the orc's attack.
The orc priest hits you but does no damage.
Read which item? (? for menu, Esc to quit)
As you read the scroll labeled OCSISI EHIAL, it crumbles to dust.
It is a scroll of recharging.
You aren't carrying any rechargeable items.
You block the orc priest's attack. The orc hits you but does no damage.
The worm bites you.
* * * LOW HITPOINT WARNING * * *
The orc priest hits you but does no damage.
Read which item? (? for menu, Esc to quit)
As you read the scroll labeled CAENKUM LOGORI, it crumbles to dust.
You feel blessed for a moment.
It was a scroll of remove curse.
The orc priest invokes the aid of Beogh against you.
Beogh smites you!
Ouch! That really hurt!
You die...

##### #######
#...#########......S
#.)†#...............
#...#...............
#..)#..............K
#..@w..S..?.........
#.ooo...............
#..S................
#..o.....##.$.......
##.......##.........
#.......##.........
.........##$........
.........##.........
...............>...


You could see a worm, 2 orc priests, 2 adders and 2 orcs.

Vanquished Creatures
  A gnoll (D:1)
  3 adders
  An ooze (D:2)
  A giant gecko (D:2)
  An orc (D:3)
  3 giant cockroaches
  5 goblins
  4 hobgoblins
  2 jackals (D:3)
  5 kobolds
  A quokka (D:2)
  5 bats
  5 rats
37 creatures vanquished.

Notes
Turn   | Place    | Note
--------------------------------------------------------------
     0 | D:1      | Hipnos the Gargoyle Fighter began the quest for the Orb.
     0 | D:1      | Reached XP level 1. HP: 14/14 MP: 1/1
   243 | D:1      | Reached XP level 2. HP: 1/19 MP: 2/2
   679 | D:1      | Reached XP level 3. HP: 23/23 MP: 3/3
   980 | D:2      | Found a stormy altar of Qazlal.
   989 | D:2      | Became a worshipper of Qazlal Stormbringer
  1024 | D:2      | Reached XP level 4. HP: 15/29 MP: 4/4
  1100 | D:2      | Noticed Natasha
  1149 | D:3      | HP: 1/29 [hobgoblin/club (2)]
  1166 | D:3      | Killed from afar by an orc priest

Skill      XL: |  1  2  3 |
---------------+----------+-----
Armour         | 4 |  4.2
Shields        | 4 |  4.2
Fighting       | |  3.9
Maces & Flails | |  2.0

Action                   |  1- 3 |  4- 6 || total
-------------------------+-------+-------++-------
Melee: Flail             |   156 |    42 ||   198
  Use: Scroll            |     2 |     5 ||     7
       Potion            |       |     3 ||     3
  Eat: Chunk             |       |     1 ||     1
Armor: Scale mail        |   154 |    41 ||   195
Dodge: Dodged            |    73 |    25 ||    98
Block: Shield            |   116 |    30 ||   146
